 Dungeon Crawl Stone Soup version 0.25.0-9-g26727b657a (webtiles) character file.

Game seed: 6560391499358050208

18393 Doot the Destroyer (level 12, -1/66 HPs)
             Began as a Tengu Conjurer on June 17, 2020.
             Was an Elder of Vehumet.
             Slain by a harpy (9 damage)
             ... summoned by Kirke
             ... on level 12 of the Dungeon.
             The game lasted 00:40:03 (15557 turns).

Doot the Destroyer (Tengu Conjurer)                Turns: 15557, Time: 00:40:03

Health: -1/66      AC:  0    Str: 10    XL:     12   Next: 58%
Magic:  6/26       EV: 23    Int: 19    God:    Vehumet [****..]
Gold:   561        SH:  0    Dex: 15    Spells: 5/29 levels left

rFire    . . .     SeeInvis .   (weapon currently unavailable)
rCold    . . .     Gourm    .   (shield currently unavailable)
rNeg     . . .     Faith    .   (armour currently unavailable)
rPois    .         Spirit   .   (helmet currently unavailable)
rElec    .         Reflect  .   (cloak currently unavailable)
rCorr    .         Harm     .   (gloves currently unavailable)
MR       .....                  (boots unavailable)
Stlth    +++.......             (no amulet)
HPRegen  0.21/turn              (ring currently unavailable)
MPRegen  0.20/turn              (ring currently unavailable)

@: pig-form, flying quickly and evasively, very quick
A: small, able to fly
a: Stop Flying, Renounce Religion


You were on level 12 of the Dungeon.
You worshipped Vehumet.
Vehumet was greatly pleased with you.
You were not hungry.
You were a filthy swine.
You visited 2 branches of the dungeon, and saw 13 of its levels.
You also visited: Bailey.

You collected 597 gold pieces.
You spent 36 gold pieces at shops.

Inventory:

Hand Weapons
 g - a cursed -3 quarterstaff
 j - a +0 whip
 l - a +2 mace of draining
 G - the +5 quarterstaff of Aceqenoa {protect, rN+}
   (You found it on level 6 of the Dungeon)

   It grants its wielder temporary protection when it strikes (+7 to AC).
   It protects you from negative energy.
 S - the +2 flail "Zejatel" (melded) {vamp, Int+2}
   (You found it in a bailey)

   It inflicts no extra harm, but heals its wielder when it wounds a living foe.
   It affects your intelligence (+2).
Missiles
 h - 15 poisoned darts (quivered)
Armour
 d - a +2 robe of resistance (melded)
 y - a +2 leather armour of fire resistance
 E - a +0 cloak of preservation (melded)
 M - a +0 pair of gloves (melded)
 Q - a scarf of resistance
 T - a +4 scale mail of magic resistance
Jewellery
 i - an uncursed amulet of faith
 D - a +4 ring of evasion (melded)
 F - a +4 ring of protection (melded)
Wands
 x - a wand of polymorph (5)
 z - a wand of flame (18)
 J - a wand of digging (8)
 P - a wand of random effects (14)
 R - a wand of acid (8)
 U - a wand of iceblast (8)
Scrolls
 b - 3 scrolls of noise
 e - 3 scrolls of identify
 f - 6 scrolls of immolation
 k - 3 scrolls of amnesia
 n - 5 scrolls of remove curse
 p - a scroll of random uselessness {unknown}
 q - 4 scrolls of enchant armour
 s - 2 scrolls of magic mapping
 C - 3 scrolls of teleportation
 H - a scroll of silence {unknown}
 K - a scroll of fog {unknown}
 L - 2 scrolls of enchant weapon
Potions
 a - 3 potions of lignification
 m - 2 potions of haste
 o - 2 potions of flight
 t - 3 potions of curing
 u - a potion of mutation {unknown}
 v - 5 potions of brilliance
 A - a potion of cancellation {unknown}
 B - 3 potions of stabbing
 I - 2 potions of berserk rage
Miscellaneous
 O - a tin of tremorstones (3/3)
 V - a phial of floods
Comestibles
 c - 17 rations


   Skills:
 + Level 4.0 Fighting
 + Level 2.9(4.3) Maces & Flails
 + Level 5.0(5.4) Staves
 + Level 4.2 Armour
 + Level 6.9 Dodging
 + Level 6.1 Stealth
 + Level 9.3 Spellcasting
 + Level 12.6 Conjurations
 * Level 7.1 Translocations
 + Level 1.4 Air Magic
 * Level 5.6 Poison Magic
 + Level 1.0 Evocations


You had 5 spell levels left.
You knew the following spells:

 Your Spells              Type           Power        Failure   Level  Hunger
a - Magic Dart            Conj           ####         1%          1    None
b - Searing Ray           Conj           ######       1%          2    None
c - Iskenderun's Mystic   Conj/Tloc      #####...     1%          4    ###....
d - Olgreb's Toxic Radia  Pois           ####....     2%          4    ###....
e - Mephitic Cloud        Conj/Pois/Air  ####....     1%          3    None
f - Iskenderun's Battles  Conj/Chrm      ####....     4%          5    #####..
g - Bolt of Magma         Conj/Fire/Erth ###.......   11%         5    #####..

Your spell library contained the following spells:

 Spells                   Type           Power        Failure   Level  Hunger
 Blink                    Tloc           N/A          1%          2    None
 Conjure Flame            Conj/Fire      ####....     1%          3    None
 Dazzling Flash           Conj/Hex       ####..       1%          3    None
 Stone Arrow              Conj/Erth      ####..       1%          3    None
 Fulminant Prism          Conj/Hex       ####......   1%          4    ###....
 Sandblast                Erth           #.....       2%          1    None
 Poisonous Vapours        Pois/Air       ###...       2%          2    None
 Call Imp                 Summ           #.......     12%         2    None
 Slow                     Hex            #.......     12%         2    None
 Summon Ice Beast         Ice/Summ       #.......     63%         4    ###....
 Freezing Cloud           Conj/Ice/Air   ####......   41%         6    ######.
 Spellforged Servitor     Conj/Summ      ####......   75%         7    #######
 Ring of Flames           Chrm/Fire      #.........   100%        7    #######


Dungeon Overview and Level Annotations

Branches:
Dungeon (12/15)            Temple (1/1) D:5            Lair (0/6) D:8
    Orc (0/2) D:11         Bailey (visited)

Altars:
Ashenzari
Cheibriados
Dithmenos
Elyvilon
Fedhas
Gozag
Hepliaklqana
Kikubaaqudgha
Makhleb
Nemelex Xobeh
Okawaru
Qazlal
Ru
Sif Muna
Trog
Uskayaw
Vehumet
Wu Jian
Xom
Yredelemnul
Zin
The Shining One

Shops:
D:4 [:*?*   D:8 }

Annotations:
D:9 Gastronok, Maggie
D:12 Kirke
Temple Pikel


Innate Abilities, Weirdness & Mutations

((You have a beak for a mouth.))
((You have claws for feet.))
You can fly continuously.


Message History

The harpy closely misses you. The harpy completely misses you.
The harpy closely misses you. The harpy claws you!
The harpy completely misses you. x2
As you read the scroll of fear, it crumbles to dust.
You assume a fearsome visage.
The harpy looks frightened! x3
Okay, then.
Unknown command.
As you read the scroll of fear, it crumbles to dust.
You assume a fearsome visage.
Nothing appears to happen.
As you read the scroll of fear, it crumbles to dust.
You assume a fearsome visage.
Nothing appears to happen.
The harpy seems to regain her courage.
The harpy claws you!!
* * * LOW HITPOINT WARNING * * *
The harpy barely misses you. The harpy closely misses you. The harpy claws you.
* * * LOW HITPOINT WARNING * * *
Unknown command.
Okay, then.
Unknown command.
You feel better. The harpy barely misses you. The harpy claws you!
You die...

.. ## .. #.## .##.# ..# #....#
### #.# ##.....## #.###.##
#.......# . #..=#..#
#.......#....#
###..#.#######.......#....###.
##........Hh....)...........
#.................#.......
##.##.######.......#.......
###..##..####.......<#....####
#...#.........................
####.##..##.....###...#..#.......
.#%.H÷..###.#.### ###.##........#
...H.####...#..## ##.####.######
†##### #..####..# #..# #.......


You could see a harpy (summoned).

Vanquished Creatures
  Harold (D:10)
  Erolcha (D:10)
  4 two-headed ogres (D:11)
  An unseen horror (D:11)
  An orc knight (Bailey)
  2 orc sorcerers (Bailey)
  A manticore (D:11)
  Joseph (D:7)
  A komodo dragon (D:10)
  A troll (D:10)
  2 hornets
  Prince Ribbit (D:6)
  A wyvern (D:10)
  Eustachio (D:6)
  9 hogs
  A human (D:7)
  5 yaks
  A basilisk (D:12)
  3 hungry ghosts
  3 wargs
  A water moccasin (D:10)
  Duvessa (D:7)
  3 ice beasts
  4 slaves (D:5)
  13 orc warriors
  3 sky beasts
  3 phantoms
  A necrophage (D:7)
  An eye of draining (D:8)
  5 ogres
  2 centaurs
  7 bullfrogs
  2 wyvern zombies
  Dowan (D:7)
  7 scorpions
  2 wyvern skeletons
  A water moccasin skeleton (D:4)
  10 killer bees
  5 electric eels (Bailey)
  15 wights
  3 howler monkeys
  4 crimson imps
  A bullfrog zombie (D:11)
  2 bullfrog skeletons
  2 centaur zombies
  2 jellies (D:6)
  10 hounds
  10 orc priests
  Crazy Yiuf (D:5)
  Ijyb (D:4)
  3 iguanas
  10 orc wizards
  11 worker ants
  A hound zombie (D:7)
  A hound skeleton (D:9)
  A worker ant zombie (D:10)
  6 gnolls
  16 adders
  5 shadow imps
  3 oozes
  3 adder skeletons
  3 dart slugs
  A worm (D:4)
  8 leopard geckos
  45 orcs
  5 bats
  11 giant cockroaches
  11 goblins
  15 hobgoblins
  6 jackals
  5 quokkas
  3 frilled lizards
  5 kobolds
  A leopard gecko zombie (D:6)
  7 rats
350 creatures vanquished.

Notes
Turn   | Place    | Note
-------+----------+-------------------------------------------
     0 | D:1      | Doot the Tengu Conjurer began the quest for the Orb.
     0 | D:1      | Reached XP level 1. HP: 10/10 MP: 4/4
   367 | D:1      | Reached XP level 2. HP: 15/15 MP: 3/6
   534 | D:1      | Learned a level 2 spell: Searing Ray
   540 | D:1      | Reached skill level 6 in Conjurations
   686 | D:2      | Reached XP level 3. HP: 16/19 MP: 0/7
  1353 | D:2      | Reached XP level 4. HP: 24/24 MP: 3/8
  1362 | D:2      | Learned a level 4 spell: Iskenderun's Mystic Blast
  1514 | D:3      | Found a shadowy altar of Dithmenos.
  1550 | D:3      | Found a sparkling altar of Nemelex Xobeh.
  1561 | D:3      | Reached skill level 7 in Conjurations
  1641 | D:3      | Found a hazy altar of Hepliaklqana.
  1641 | D:3      | Found a shattered altar of Ashenzari.
  1971 | D:3      | Gained mutation: You can fly continuously. [Tengu growth]
  1971 | D:3      | Reached XP level 5. HP: 14/28 MP: 0/9
  2476 | D:3      | Reached XP level 6. HP: 23/33 MP: 3/11
  2761 | D:4      | Reached skill level 1 in Maces & Flails
  2885 | D:4      | Found Dockyrof's Antique Armour Shop.
  2928 | D:4      | Noticed Ijyb
  2987 | D:4      | Killed Ijyb
  3315 | D:4      | Found Hoahengu's General Store.
  3325 | D:4      | Bought a potion of curing for 36 gold pieces
  3350 | D:4      | Found Cypsicu's Magic Scroll Emporium.
  3481 | D:4      | Found Ameoleol's Book Boutique.
  3508 | D:4      | Reached XP level 7. HP: 36/37 MP: 10/13
  3514 | D:4      | Reached skill level 8 in Conjurations
  3590 | D:4      | Reached skill level 1 in Fighting
  3738 | D:4      | Found Maomogaq's Assorted Antiques.
  3897 | D:5      | Entered Level 5 of the Dungeon
  3950 | D:5      | Found a white marble altar of Elyvilon.
  3950 | D:5      | Found a snail-covered altar of Cheibriados.
  3950 | D:5      | Found an opulent altar of Gozag.
  3953 | D:5      | Found an ornate altar of the Wu Jian Council.
  3993 | D:5      | Reached skill level 1 in Armour
  4038 | D:5      | Found a staircase to the Ecumenical Temple.
  4041 | D:5      | Noticed Sigmund
  4047 | Temple   | Entered the Ecumenical Temple
  4087 | Temple   | Became a worshipper of Vehumet
  4284 | D:5      | Noticed Sigmund
  4284 | D:5      | Sigmund changed into Sigmund the centaur
  4289 | D:5      | Killed Sigmund the centaur
  4331 | D:5      | Noticed Pikel
  4355 | Temple   | Noticed Pikel
  4355 | Temple   | Pikel changed into Pikel the queen bee
  4672 | D:5      | Found a shimmering altar of Xom.
  4744 | D:5      | Reached XP level 8. HP: 43/43 MP: 8/15
  5264 | D:5      | Found a runed translucent door.
  5265 | D:5      | Noticed Crazy Yiuf
  5273 | D:5      | Killed Crazy Yiuf
  5572 | D:6      | Noticed Eustachio
  5749 | D:6      | Got a masterwork quarterstaff
  5750 | D:6      | Identified the +5 quarterstaff of Aceqenoa {protect, rN+}
                  | (You found it on level 6 of the Dungeon)
  5817 | D:6      | Reached skill level 1 in Translocations
  5928 | D:6      | Reached skill level 9 in Conjurations
  6094 | D:6      | Killed Eustachio
  6094 | D:6      | Reached * piety under Vehumet
  6094 | D:6      | Offered knowledge of Shock by Vehumet.
  6094 | D:6      | Reached skill level 5 in Spellcasting
  6186 | D:6      | Reached XP level 9. HP: 46/48 MP: 9/17
  6325 | D:6      | Noticed Prince Ribbit
  6458 | D:6      | Found a shimmering altar of Xom.
  6742 | D:6      | Killed Prince Ribbit
  6742 | D:6      | Reached skill level 1 in Staves
  6742 | D:6      | Reached skill level 10 in Conjurations
  7159 | D:7      | Noticed Duvessa
  7163 | D:7      | Noticed Dowan
  7171 | D:7      | Killed Duvessa
  7176 | D:7      | Killed Dowan
  7332 | D:7      | Reached skill level 5 in Stealth
  7455 | D:7      | Reached skill level 5 in Dodging
  7768 | D:7      | Noticed Joseph
  7783 | D:7      | Killed Joseph
  7783 | D:7      | Reached XP level 10. HP: 43/54 MP: 4/20
  7794 | D:7      | Offered knowledge of Freeze by Vehumet.
  7948 | D:7      | Reached ** piety under Vehumet
  8797 | D:8      | Reached skill level 11 in Conjurations
  8905 | D:8      | Found Moquzar's Gadget Shoppe.
  8926 | D:8      | Offered knowledge of Stone Arrow by Vehumet.
  9488 | D:8      | Reached *** piety under Vehumet
  9687 | D:8      | Found a staircase to the Lair.
  9982 | D:8      | Offered knowledge of Olgreb's Toxic Radiance by Vehumet.
  9988 | D:8      | Learned a level 4 spell: Olgreb's Toxic Radiance
 10180 | D:8      | Reached XP level 11. HP: 60/60 MP: 20/23
 10649 | D:9      | Reached skill level 5 in Translocations
 10680 | D:9      | Noticed Gastronok
 10699 | D:9      | Noticed a +0 dagger
 10700 | D:9      | Found a hide-covered altar of Uskayaw.
 10700 | D:9      | Noticed a +0 hand axe
 11221 | D:9      | Noticed Maggie
 11252 | D:10     | Entered Level 10 of the Dungeon
 11403 | D:10     | Found a shimmering altar of Xom.
 11405 | D:10     | Found a shimmering altar of Xom.
 11407 | D:10     | Found a shimmering altar of Xom.
 11407 | D:10     | Noticed Harold
 11434 | D:10     | Reached skill level 1 in Poison Magic
 11445 | D:10     | Reached **** piety under Vehumet
 11452 | D:10     | Killed Harold
 11932 | D:10     | Found a shimmering altar of Xom.
 11933 | D:10     | Found a shimmering altar of Xom.
 11933 | D:10     | Found a shimmering altar of Xom.
 11935 | D:10     | Found a shimmering altar of Xom.
 11970 | D:10     | Noticed Erolcha
 12114 | D:10     | Learned a level 3 spell: Mephitic Cloud
 12146 | D:10     | Killed Erolcha
 12146 | D:10     | Reached skill level 1 in Evocations
 12251 | D:10     | Noticed a centaur warrior
 12269 | D:10     | Offered knowledge of Iskenderun's Battlesphere by Vehumet.
 12269 | D:10     | Reached skill level 12 in Conjurations
 12329 | D:10     | Learned a level 5 spell: Iskenderun's Battlesphere
 12355 | D:11     | Noticed a two-headed ogre
 12477 | D:11     | Noticed a two-headed ogre
 12490 | D:11     | Killed a two-headed ogre
 12717 | D:11     | Found a flagged portal.
 12736 | Bailey   | Entered a bailey
 13104 | Bailey   | Found an iron altar of Okawaru.
 13104 | Bailey   | Noticed an orc sorcerer
 13151 | Bailey   | Noticed an orc sorcerer
 13171 | Bailey   | Noticed an orc knight
 13186 | Bailey   | Killed an orc sorcerer
 13199 | Bailey   | Killed an orc knight
 13204 | Bailey   | Killed an orc sorcerer
 13204 | Bailey   | Reached ***** piety under Vehumet
 13204 | Bailey   | Offered knowledge of Bolt of Magma by Vehumet.
 13204 | Bailey   | Reached XP level 12. HP: 65/65 MP: 25/25
 13211 | Bailey   | Learned a level 5 spell: Bolt of Magma
 13510 | Bailey   | Identified Xehoag's Almanac of the Earthen Entourage
 13525 | Bailey   | Got a translucent flail
 13526 | Bailey   | Identified the +2 flail "Zejatel" {vamp, Int+2} (You found
                  | it in a bailey)
 13868 | D:11     | Reached skill level 5 in Staves
 14126 | D:11     | Killed a two-headed ogre
 14254 | D:11     | Found a staircase to the Orcish Mines.
 14462 | D:11     | Reached skill level 1 in Air Magic
 14462 | D:11     | Reached skill level 5 in Poison Magic
 14915 | D:11     | Noticed a two-headed ogre
 14985 | D:11     | Killed a two-headed ogre
 15067 | D:12     | Noticed a two-headed ogre
 15130 | D:11     | Killed a two-headed ogre
 15515 | D:12     | Noticed Kirke
 15556 | D:12     | HP: 2/66 [harpy[Kirke] (2)]
 15557 | D:12     | Slain by a harpy

Illustrated notes

Levels and vault maps discovered:
D:1:      scummos_arrival_simple_fountains, layout_basic
D:2:      layout_basic, kennysheep_generic_room_13
D:3:      minmay_recursive_quarters, layout_rooms, grunt_temple_overflow_open,
          gammafunk_temple_overflow_elements, first_ration,
          hangedman_decor_points
D:4:      layout_basic, serial_shops, shop, shop_statue, shop_statue, shop,
          kennysheep_mini, chequers_garden, kennysheep_path_1, uniq_ijyb
D:5:      layout_cave_pools, chequers_temple_overflow_statue_of_worship,
          minmay_temple_entry_sparse_star, basic_altar, minivault_5,
          kennysheep_decorative_pillar, uniq_pikel, uniq_crazy_yiuf_cottage,
          uniq_sigmund
D:6:      layout_cave_pools, marbit_many_paths, uniq_prince_ribbit1,
          uniq_eustachio
D:7:      layout_loops_ring, grunt_livestock, uniq_joseph, uniq_duvessa
D:8:      layout_loops_ring, erik_lair_orcish_takeover, serial_shops, shop
D:9:      layout_irregular_city, dancing_weapons_uskayaw, grunt_decor_fettered,
          statue_in_the_mist_lemuel, minivault_19,
          nicolae_ru_the_path_less_chosen, uniq_maggie, uniq_gastronok
D:10:     minmay_bloctagon_deflated, layout_loops_ring,
          nicolae_xom_altar_mimics, uniq_erolcha, uniq_harold
D:11:     layout_basic, david_orc_3, enter_bailey_3, kennysheep_generic_room_12
D:12:     layout_rooms, serial_curves, eino_curves_03, eino_curves_02,
          minmay_increasing_density, uniq_kirke
Temple:   minmay_temple_bridge_abc

Skill      XL: |  1  2  3  4  5  6  7  8  9 10 11 12 |
---------------+-------------------------------------+-----
Conjurations   | 6 7 8 9 10 11 12 | 12.6
Stealth        | 3 4 5 6 |  6.1
Spellcasting   | 3 4 5 6 7 8 9 |  9.3
Dodging        | 3 4 5 6 |  6.9
Maces & Flails | 1 2 |  2.9
Fighting       | 1 2 3 4 |  4.0
Armour         | 1 2 3 4 |  4.2
Translocations | 1 3 4 6 7 |  7.1
Staves         | 1 4 5 |  5.0
Poison Magic   | 4 5 |  5.6
Evocations     | 1 |  1.0
Air Magic      | 1 |  1.4

Action                   |  1- 3 |  4- 6 |  7- 9 | 10-12 || total
-------------------------+-------+-------+-------+-------++-------
Melee: Whip              |     2 |       |       |       ||     2
       Mace              |     6 |    13 |    16 |       ||    35
       Kick              |       |     3 |     5 |    15 ||    23
       Quarterstaff      |       |       |    20 |    58 ||    78
       Peck              |       |       |     4 |     6 ||    10
       Flail             |       |       |       |    14 ||    14
 Cast: Magic Dart        |    29 |    36 |    52 |    59 ||   176
       Searing Ray       |     8 |    17 |    65 |    77 ||   167
       Iskenderun's Myst |       |       |    13 |    54 ||    67
       Olgreb's Toxic Ra |       |       |       |    25 ||    25
       Mephitic Cloud    |       |       |       |    28 ||    28
       Iskenderun's Batt |       |       |       |     2 ||     2
 Abil: Fly               |       |     1 |       |       ||     1
Evoke: Wand              |       |       |     7 |     1 ||     8
       Tin of tremorston |       |       |       |     1 ||     1
  Use: Scroll            |       |     2 |     5 |    14 ||    21
       Potion            |       |       |       |     6 ||     6
 Stab: Sleeping          |     2 |       |     1 |     8 ||    11
       Confused          |       |       |       |     1 ||     1
  Eat: Chunk             |     2 |     8 |    12 |    22 ||    44
       Ration            |       |       |     1 |     3 ||     4
Armor: Robe              |       |    10 |     3 |    39 ||    52
       Leather armour    |       |       |    17 |       ||    17
Dodge: Dodged            |    21 |    88 |   195 |   235 ||   539
